 Dungeon Crawl Stone Soup version 0.28.0-53-g5a82cb258f (webtiles) character file.

Game seed: 1637311444744972750

1 styxcanada the Sneak (level 1, 0/10 HPs)
             Began as a Spriggan Brigand on Aug 5, 2022.
             Slain by a hobgoblin (4 damage)
             ... on level 1 of the Dungeon.
             The game lasted 00:00:31 (46 turns).

styxcanada the Sneak (Spriggan Brigand)               Turns: 46, Time: 00:00:32

Health: 0/10       AC:  3    Str:  7    XL:     1   Next: 16%
Magic:  2/2        EV: 16    Int: 12    God:
Gold:   0          SH:  0    Dex: 16    Spells: 0/0 levels left

rFire   . . .      SeeInvis +   a - +2 dagger
rCold   . . .      Faith    .   (no shield)
rNeg    . . .      Spirit   .   b - +0 robe
rPois   .          Reflect  .   (helmet restricted)
rElec   .          Harm     .   c - +0 cloak
rCorr   .          Rampage  .   (gloves unavailable)
Will    .....                   (boots unavailable)
Stlth   +++.......              (no amulet)
HPRegen 0.03/turn               (no ring)
MPRegen 0.08/turn               (no ring)

@: very quick
A: very small, no large weapons, unfitting armour, see invisible, speed 3
a: no special abilities


You were on level 1 of the Dungeon.
You visited 1 branch of the dungeon, and saw 1 of its levels.

Inventory:

Hand Weapons
 a - a +2 dagger (weapon)
Missiles
 d - 7 poisoned darts (quivered)
 e - 2 curare-tipped darts
 f - 17 stones
Armour
 b - a +0 robe (worn)
 c - a +0 cloak (worn)
Scrolls
 g - a scroll of identify {unknown}


   Skills:
 * Level 1.5 Fighting
 + Level 2.2 Short Blades
 + Level 2.0 Throwing
 * Level 1.4 Dodging
 * Level 5.9 Stealth


You couldn't memorise any spells.
You didn't know any spells.
Your spell library was empty.

Dungeon Overview and Level Annotations

Branches:
Dungeon (1/15)

Altars:


Innate Abilities, Weirdness & Mutations

You are very small and have problems with some larger weapons.
You are too small for most types of armour.
You have supernaturally acute eyesight. (SInv)
You cover ground extremely quickly. (Speed+++)


Message History

Will you prevail where others failed? Will you find the Orb of Zot?
Press ? for a list of commands and other information.
Found a staircase leading out of the dungeon.
Found 17 stones.
You see here 17 stones.
f - 17 stones
Found a club.
A quokka comes into view.
Found a scroll labelled YTEAFR TUEBARIE.
A rat comes into view.
Found 13 stones and a pair of boots.
A kobold and a hobgoblin come into view.
A dart slug comes into view.
Found 4 gold pieces.
You hit the quokka.
The quokka is moderately wounded.
The quokka closely misses you.
You barely miss the quokka.
The quokka is moderately wounded.
The quokka bites you. The quokka misses you. The hobgoblin barely misses you.
The dart slug launches a dart at you. The slug dart hits you.
You see here a scroll labelled YTEAFR TUEBARIE.
g - a scroll labelled YTEAFR TUEBARIE Throw: 8 darts (poison)
Press: ? - help, Q - select action, (/) - cycle Shift-Dir - straight line, f - quokka
Aim: a quokka (moderately wounded, 50% to hit)
You throw a poisoned dart. The poisoned dart hits the quokka.
The quokka is poisoned.
The quokka is moderately wounded.
You closely miss the quokka.
The quokka is almost dead.
The quokka completely misses you. The quokka misses you.
You hit the quokka.
You kill the quokka!
You hit the hobgoblin.
The hobgoblin is moderately wounded.
The hobgoblin hits you.
You die...

........# #....#
......w.# #......
........## #..##.######
.........####..##.#....#
#....(......(..##.#.##.#
............#g.##.#..#.#
..#.........#..##.#.<#.#
#.........##.##.####.#
#....K..r.##.g@......#
#.........##...#######
#.........##.#.......
....[.....##........#
.........####......#
#.....## #.....# #.....#
.....#


You could see a hobgoblin.

Vanquished Creatures
  A quokka (D:1)
1 creature vanquished.

Notes
Turn   | Place    | Note
-------+----------+-------------------------------------------
     0 | D:1      | styxcanada the Spriggan Brigand began the quest for the
                  | Orb.
     0 | D:1      | Reached XP level 1. HP: 10/10 MP: 2/2
    46 | D:1      | Slain by a hobgoblin

Illustrated notes

Levels and vault maps discovered:
D:1:      zelgadis_glass_arrival_small, layout_basic, serial_shops,
          nicolae_lakefront_shop, hellmonk_ecumenical_altar_blasted,
          serial_bayou_ford_a

Action                   || total
-------------------------++-------
Melee: Dagger            ||     5
Throw: Dart              ||     1
Dodge: Dodged            ||     5
